 Dungeon Crawl Stone Soup version 0.21-a0-518-g43a1781 (webtiles) character file.

77 Zenonira the Sneak (level 4, -5/39 HPs)
             Began as a Naga Skald on Dec 4, 2017.
             Was a Follower of Cheibriados.
             Slain by an ogre
             ... wielding a +0 giant club
              (19 damage)
             ... on level 3 of the Dungeon.
             The game lasted 00:04:40 (2400 turns).

Zenonira the Sneak (Naga Skald)                     Turns: 2400, Time: 00:04:41

Health: -5/39      AC:  2    Str: 15    XL:     4   Next: 34%
Magic:  3/7        EV:  9    Int: 15    God:    Cheibriados [*.....]
Gold:   92         SH:  0    Dex: 14    Spells: 6/7 levels left

rFire    . . .     SeeInvis +   a - +0 mace
rCold    . . .     Gourm    .   (no shield)
rNeg     . . .     Faith    .   b - +0 leather armour
rPois    +         Spirit   .   (no helmet)
rElec    .         Reflect  .   (no cloak)
rCorr    .         Harm     .   (no gloves)
MR       .....                  (no barding)
Stlth    ++........             (no amulet)
HPRegen  0.13/turn              (no ring)
MPRegen  0.10/turn              (no ring)

@: infused, very slow
A: large, see invisible, deformed body, poison resistance, slowness 2, slow
metabolism 1, spit poison 1, AC +1
a: Spit Poison, Bend Time, Renounce Religion


You were on level 3 of the Dungeon.
You worshipped Cheibriados.
Cheibriados was aware of your devotion.
You were not hungry.

You visited 1 branch of the dungeon, and saw 3 of its levels.

You collected 92 gold pieces.

Inventory:

Hand Weapons
 a - a +0 mace (weapon)
 y - a +0 blowgun
Missiles
 e - 6 needles of sleeping
 u - 6 javelins (quivered)
 x - 18 poisoned needles
Armour
 b - a +0 leather armour (worn)
Wands
 v - a wand of polymorph (6)
Scrolls
 j - 2 scrolls of remove curse {unknown}
 k - 2 scrolls of immolation {unknown}
 m - 2 scrolls of enchant armour {unknown}
 q - a scroll of teleportation {unknown}
 s - 2 scrolls of random uselessness {unknown}
 w - a scroll of enchant weapon {unknown}
Potions
 h - a potion of might
 i - 2 potions of flight
 l - a potion of brilliance {unknown}
 o - 2 potions of curing
 p - a potion of haste
 r - a potion of magic {unknown}
Books
 c - a book of Battle

   Spells                             Type                      Level
   a - Infusion                       Charms                       1
   b - Shroud of Golubria             Charms/Translocation         2
   c - Song of Slaying                Charms                       2
   d - Spectral Weapon                Hexes/Charms                 3
   e - Regeneration                   Charms/Necromancy            3
 t - a book of Callings

   Spells                             Type                      Level
   a - Summon Small Mammal            Summoning                    1
   b - Call Imp                       Summoning                    2
   c - Call Canine Familiar           Summoning                    3
   d - Summon Guardian Golem          Hexes/Summoning              3
   e - Summon Lightning Spire         Summoning/Air                4
   f - Summon Ice Beast               Ice/Summoning                4
Comestibles
 d - 2 bread rations
 f - 4 fruits
 g - a royal jelly
 n - 2 meat rations


   Skills:
 - Level 2.0 Fighting
 + Level 3.0 Maces & Flails
 + Level 1.6 Throwing
 - Level 0.7 Armour
 - Level 1.5 Dodging
 + Level 3.5 Stealth
 - Level 2.0 Spellcasting
 - Level 3.0 Charms


You had 6 spell levels left.
You knew the following spells:

 Your Spells              Type           Power        Failure   Level  Hunger
a - Infusion              Chrm           ##..         8%          1    #......


Dungeon Overview and Level Annotations

Branches:
Dungeon (3/15)

Altars:
Cheibriados


Innate Abilities, Weirdness & Mutations

You cannot wear boots.
Your serpentine skin is tough. (AC +1)
You have supernaturally acute eyesight. (SInv)
Armour fits poorly on your strangely shaped body.
Your system is resistant to poisons. (rPois)
You cover ground very slowly.
You have a slow metabolism.
You can spit poison.


Message History

Cheibriados thoroughly appreciates the change of pace.
The goblin wields a glowing hunting sling.
The goblin shoots a stone.
The stone hits you.
Wield which item (- for none, * to show all)? (? for menu, Esc to quit)
y - a +0 blowgun (weapon)
Firing (i - inventory. (,) - cycle):
e - 8 needles of sleeping (quivered)
Press: ? - help, Shift-Dir - straight line, f - ogre
Aim: an ogre, wielding a giant club You shoot a needle of sleeping.
The needle of sleeping hits the ogre.
The ogre resists.
The ogre hits you with a giant club!
Firing (i - inventory. (,) - cycle):
e - 7 needles of sleeping (quivered)
Press: ? - help, Shift-Dir - straight line, f/p - ogre
Aim: an ogre, wielding a giant club You shoot a needle of sleeping.
The needle of sleeping hits the ogre.
a - a +0 mace (weapon)
The helpless ogre fails to defend itself.
You sock the ogre!
The ogre is heavily wounded.
The ogre hits you with a giant club!!
You die...

..............### #........#
#....##.........# #........#
.....##.........# ........##
#....##.........# ........# #
#....##.........# #......##..
#....##.........#######..........
#....##.........##.g..#ggg...# ..
##########.....###g##.#..)...##.#
####### #.....+@Og.รท...##'##'...
......####.....###g##..##...##..#
......##...##### #.##..##gOg##..#
......##...# #####.##..##.g%##..#
.......'...+ ...........#####...#
.(....##...# ########..#.##......
......##...# #..#........#
......##...# #..#.######.#
......###### #..#.# #.#


You could see an ogre and 4 goblins.

Vanquished Creatures
  Jessica (D:3)
  2 dart slugs (D:1)
  A leopard gecko (D:2)
  An orc (D:2)
  6 bats
  2 giant cockroaches
  8 goblins
  2 hobgoblins
  6 jackals
  2 quokkas
  2 frilled lizards
  3 kobolds
  3 rats
39 creatures vanquished.

Notes
Turn   | Place    | Note
-------+----------+-------------------------------------------
     0 | D:1      | Zenonira the Naga Skald began the quest for the Orb.
     0 | D:1      | Reached XP level 1. HP: 19/19 MP: 3/3
    76 | D:1      | Reached skill level 1 in Stealth
   372 | D:1      | Reached XP level 2. HP: 26/26 MP: 5/5
  1157 | D:2      | Reached XP level 3. HP: 28/32 MP: 6/6
  1160 | D:2      | Reached skill level 1 in Throwing
  1456 | D:2      | Found a snail-covered altar of Cheibriados.
  1464 | D:2      | Became a worshipper of Cheibriados the Contemplative
  1764 | D:3      | Noticed Jessica
  1790 | D:3      | HP: 1/32 [poisoned by Jessica]
  1792 | D:3      | Killed Jessica
  1792 | D:3      | Reached XP level 4. HP: 12/39 MP: 7/7
  2161 | D:3      | Reached * piety under Cheibriados
  2382 | D:3      | Noticed an ogre
  2400 | D:3      | Slain by an ogre

Vault maps used:
D:1:      lightli_arrival_statuegarden
D:2:      minmay_misc_feat_iff, cheibriados_altar_1
D:3:      cheibrodos_sewer_entry_bend, minmay_ogre_servants, uniq_jessica,
          uniq_terence

Skill      XL: |  1  2  3 |
---------------+----------+-----
Stealth        | 1 2 3 |  3.5
Throwing       | 1 |  1.6
Maces & Flails | 3 |  3.0
Fighting       | |  2.0
Armour         | |  0.7
Dodging        | |  1.5
Spellcasting   | |  2.0
Charms         | |  3.0

Action                   |  1- 3 |  4- 6 || total
-------------------------+-------+-------++-------
Melee: Mace              |    64 |    20 ||    84
       Unarmed           |    12 |       ||    12
 Fire: Blowgun           |       |     2 ||     2
 Cast: Infusion          |       |     1 ||     1
 Abil: Spit Poison       |    13 |     3 ||    16
  Use: Potion            |     3 |       ||     3
 Stab: Sleeping          |     2 |     1 ||     3
  Eat: Chunk             |     3 |     1 ||     4
Armor: Leather armour    |    23 |     8 ||    31
       Skin              |     1 |       ||     1
Dodge: Dodged            |    45 |    19 ||    64

Table legend:
 A = Spawn XP
 B = Non-spawn XP
 C = Spawn XP percentage of total XP
 D = Spawn monster count
 E = Non-spawn monster count
 F = Spawn count percentage of total count
 G = Total turns spent on level
                    A         B        C        D         E        F      G
               +---------+---------+-------+---------+---------+-------+---------
         Total |       0 |     111 |   0.0 |       0 |      39 |   0.0 |  2400
               +---------+---------+-------+---------+---------+-------+---------
           D:1 |       0 |      20 |   0.0 |       0 |      10 |   0.0 |   867
           D:2 |       0 |      36 |   0.0 |       0 |      19 |   0.0 |   820
           D:3 |       0 |      55 |   0.0 |       0 |      10 |   0.0 |   713
               +---------+---------+-------+---------+---------+-------+---------
